Description

Serral's variation of a 13/12 baneling all-in build vs. Reynor in the WCS EU Challenger Finals. Serral pushes immediately with his Zerglings, and uses 2 banelings to kill drones and secure him the win.

Build Order

Get SALT Encoding   

  12  0:00  Drone  
  13  0:22  Spawning Pool  
  12  0:26  Drone x2  
  14  0:39  Extractor, Drone  W/ first drone that pops
  14  0:46  Overlord  
  14  1:08  Zergling x6  
  17  1:20  Zergling x2  
  18  1:22  Baneling Nest  
  17  1:31  Zergling x2  
  18  1:43  Hatchery  
  17  1:47  Zergling x2  
  18  1:53  Drone  
Spawning Tool Build Advisor. Get it on Overwolf

Go to:

Details

  • Created by: Invux  
  • Published on: Aug 26, 2019
  • Modified on: Aug 26, 2019
  • Patch: 4.7.1
Show
View Real Time Build Order
Export as new Build Order

Comments (0)

There are no comments. Be the first!

Create an account to comment!